 Dungeon Crawl Stone Soup version 0.29-a0-409-gd843f3a48c (webtiles) character file.

Game seed: 11022193719715426418

210 peter4 the Cutter (level 5, -1/42 HPs)
             Began as a Demonspawn Berserker on May 14, 2022.
             Was a Believer of Trog.
             Slain by Grinder (4 damage)
             ... on level 3 of the Dungeon.
             The game lasted 00:10:46 (3341 turns).

peter4 the Cutter (Demonspawn Berserker)            Turns: 3341, Time: 00:10:47

Health: -1/42      AC:  9    Str: 20    XL:     5   Next: 57%
Magic:  5/5        EV: 10    Int:  8    God:    Trog [**....]
Gold:   134        SH:  0    Dex: 12    Spells: 4/4 levels left

rFire   . . .      SeeInvis .   a - +0 short sword
rCold   . . .      Faith    .   f - orb {*Rage}
rNeg    . . .      Spirit   .   p - +0 scale mail
rPois   .          Reflect  .   (helmet restricted)
rElec   .          Harm     .   (no cloak)
rCorr   .          Rampage  .   l - +0 pair of gloves
Will    ++...      Rage     20% (no boots)
Stlth   ..........              (no amulet)
HPRegen 1.14/turn               (no ring)
MPRegen 0.09/turn               (no ring)

@: strong-willed, on berserk cooldown, regenerating, slowed, very slow
A: horns 2, thin metallic scales 1, ignite blood 1
a: Renounce Religion, Berserk, Trog's Hand


You were on level 3 of the Dungeon.
You worshipped Trog.
Trog was pleased with you.
You visited 1 branch of the dungeon, and saw 3 of its levels.

You collected 134 gold pieces.

Inventory:

Hand Weapons
 a - a +0 short sword (weapon)
 e - a +0 dagger
 j - a +0 hunting sling
 m - a +2 antimagic mace
Missiles
 c - 177 stones (quivered)
 n - 5 boomerangs
Armour
 d - a +0 ring mail
 f - an orb of wrath (worn)
 l - a +0 pair of gloves (worn)
 p - a +0 scale mail (worn)
Jewellery
 r - an amulet of guardian spirit
Scrolls
 b - a scroll of poison
 g - 5 scrolls of identify {unknown}
 h - a scroll of teleportation {unknown}
 i - a scroll of amnesia {unknown}
 k - a scroll of enchant armour {unknown}
Potions
 o - a potion of mutation {unknown}
 q - a potion of heal wounds {unknown}


   Skills:
 + Level 4.0 Fighting
 + Level 4.0 Short Blades
 * Level 1.6 Throwing
 + Level 2.7 Armour
 + Level 2.3 Dodging


You had 4 spell levels left.
You didn't know any spells.
Your spell library was empty.

Dungeon Overview and Level Annotations

Branches:
Dungeon (3/15)

Altars:

Annotations:
D:3 Grinder


Innate Abilities, Weirdness & Mutations

You have a pair of horns on your head.
You are partially covered in thin metallic scales. (AC +2)
Your demonic aura sometimes causes spilled blood to erupt in flames.


Message History

Grinder gestures at you. Pain shoots through your body!
Grinder blinks!
You can move again.
You feel a strong urge to attack something.
Grinder gestures at you.
You shrug off the repeated paralysis!
You feel your anger nearly subside.
You are no longer berserk.
You are exhausted.
You feel yourself slow down.
You barely miss Grinder.
Grinder is severely wounded.
Grinder closely misses you.
You barely miss Grinder. Your headbutt misses Grinder.
Grinder is severely wounded.
Grinder blinks!
Grinder blinks!
Grinder gestures at you.
You barely resist. You hit Grinder.
Grinder is severely wounded.
Grinder hits you. Grinder closely misses you.
You barely miss Grinder.
Grinder is severely wounded.
Grinder hits you.
You writhe in agony.
You closely miss Grinder.
Grinder is severely wounded.
Grinder hits you but does no damage.
You hit Grinder.
Grinder is severely wounded.
Grinder closely misses you. Grinder misses you.
You closely miss Grinder.
Grinder is severely wounded.
Grinder gestures at you. Pain shoots through your body!
* * * LOW HITPOINT WARNING * * *
Your skin crawls.
You feel strong-willed. Grinder hits you.
You die...

#...## ###...........
#....# #####.......
#....###### #####.#..
#.........###........
#....#...............
#...........#........
#...........#........
####.................
#@#......##.....##
#5.......##.....##
#.........##.......
#.........##.....##
#........###.....##
#...#...## #......)
#............######
#...###### #...


You could see Grinder.

Vanquished Creatures
  A hound (D:2)
  Natasha (D:3)
  An orc wizard (D:3)
  Robin (D:2)
  5 adders
  A worm (D:2)
  3 dart slugs
  2 orcs (D:3)
  A bat (D:3)
  6 endoplasms
  A giant cockroach (D:3)
  13 goblins
  7 hobgoblins
  A jackal (D:2)
  5 quokkas
  2 ball pythons (D:2)
  2 frilled lizards (D:2)
  7 kobolds
  3 rats
63 creatures vanquished.

Notes
Turn   | Place    | Note
-------+----------+-------------------------------------------
     0 | D:1      | peter4 the Demonspawn Berserker began the quest for the
                  | Orb.
     0 | D:1      | Reached XP level 1. HP: 18/18 MP: 1/1
   452 | D:1      | Found a faded altar of an unknown god.
  1204 | D:2      | Noticed a hound
  1218 | D:2      | Killed a hound
  1219 | D:2      | Gained mutation: You have a pair of small horns on your
                  | head. [demonic ancestry]
  1219 | D:2      | Reached XP level 2. HP: 3/24 MP: 2/2
  1219 | D:2      | Gained mutation: You have a pair of horns on your head.
                  | [demonic ancestry]
  1219 | D:2      | Reached XP level 3. HP: 3/29 MP: 3/3
  1923 | D:2      | Noticed Robin
  1950 | D:2      | Gained mutation: Your demonic aura sometimes causes spilled
                  | blood to erupt in flames. [demonic ancestry]
  1950 | D:2      | Reached XP level 4. HP: 36/36 MP: 4/4
  1972 | D:2      | Killed Robin
  2395 | D:2      | Reached skill level 1 in Throwing
  2467 | D:2      | Reached ** piety under Trog
  3006 | D:3      | Gained mutation: You are partially covered in thin metallic
                  | scales. (AC +2) [demonic ancestry]
  3006 | D:3      | Reached XP level 5. HP: 42/42 MP: 5/5
  3098 | D:3      | Noticed Natasha
  3123 | D:3      | Killed Natasha
  3302 | D:3      | Noticed Grinder
  3305 | D:3      | Paralysed by Grinder for 5 turns
  3325 | D:3      | Paralysed by Grinder for 2 turns
  3340 | D:3      | HP: 2/42 [Grinder/nerve-wracking pain (12)]
  3341 | D:3      | Slain by Grinder

Illustrated notes

Levels and vault maps discovered:
D:1:      amcnicky_arrival_single_pillar, layout_basic,
          hellmonk_ecumenical_altar_pennies_from_heaven
D:2:      minmay_diamond_boxcup, layout_basic, uniq_robin
D:3:      layout_rooms, grunt_ministairs_9, minmay_joined_circles, uniq_jessica,
          uniq_natasha, uniq_grinder

Skill      XL: |  1  2  3  4  5 |
---------------+----------------+-----
Short Blades   | 3 4 |  4.0
Armour         | 2 |  2.7
Dodging        | 2 |  2.3
Throwing       | 1 |  1.6
Fighting       | 4 |  4.0

Action                   |  1- 3 |  4- 6 || total
-------------------------+-------+-------++-------
Melee: Short sword       |    81 |   139 ||   220
       Headbutt          |     3 |    23 ||    26
Throw: Stone             |     1 |       ||     1
Invok: Berserk           |     2 |     1 ||     3
       Trog's Hand       |       |     2 ||     2
  Use: Scroll            |     2 |       ||     2
       Potion            |     1 |     2 ||     3
Armor: Ring mail         |    18 |       ||    18
       Scale mail        |    11 |    78 ||    89
       Skin              |       |     1 ||     1
Dodge: Dodged            |    44 |    71 ||   115

Table legend: (Time is in decaauts)
 A = Elapsed time spent in this place.
 B = Non-inter-level travel time spent in this place.
 C = Inter-level travel time spent in this place.
 D = Time resting spent in this place.
 E = Time spent auto-exploring this place.
 F = Levels seen in this place.
 G = Mean time per level.
                   A        B        C        D        E       F      G
               +--------+--------+--------+--------+--------+-----+--------+
         Total |   3364 |   3294 |     70 |    742 |   1836 |   3 | 1121.3 |
       Dungeon |   3364 |   3294 |     70 |    742 |   1836 |   3 | 1121.3 |
               +--------+--------+--------+--------+--------+-----+--------+

Top non-repeatable levels by time:
     D:2: 1781 daAuts
     D:1: 1206 daAuts
     D:3: 376 daAuts
